 Dungeon Crawl Stone Soup version 0.24.0-13-gcf9b319 (webtiles) character file.

Game seed: 6166803974141332427, levelgen mode: deterministic

497914 Eroks the Swordmaster (level 23, -13/240 HPs)
             Began as a Minotaur Berserker on Dec 29, 2019.
             Was a High Priest of Trog.
             Killed from afar by a hellephant (21 damage)
             ... with a blast of flame
             ... on level 3 of the Abyss on Jan 1, 2020.
             The game lasted 07:46:10 (73316 turns).

Eroks the Swordmaster (Minotaur Berserker)         Turns: 73316, Time: 07:46:10

Health: -13/240    AC: 40    Str: 30    XL:     23   Next: 70%
Magic:  15/15      EV: 13    Int:  3    God:    Trog [*****.]
Gold:   6145       SH:  0    Dex: 22    Spells: 22/22 levels left

rFire    + + .     SeeInvis +   a - +4 great sword of Trog's Righteous Anger {holy, rPois rF+ rN++ Stlth-}
rCold    + . .     Gourm    .   (shield currently unavailable)
rNeg     + + +     Faith    .   O - +12 gold dragon scales
rPois    +         Spirit   .   (helmet unavailable)
rElec    +         Reflect  .   q - +0 cloak {MR+}
rCorr    +         Harm     .   T - +0 pair of gloves {Dex+3}
MR       ++++.     Rnd*Rage +   d - +2 pair of boots
Stlth    ..........             E - amulet "Diozol Asea" {+Rage rElec rPois Dex+6}
HPRegen  1.00/turn              K - ring of the Oligarchy {rN+ Str+2 Int+3 SInv Stlth+}
MPRegen  0.14/turn              L - ring of Tender Moments {rCorr Str+3}

@: about to teleport, regenerating, studying Dodging
A: retaliatory headbutt, horns 3, thin skeletal structure 1, camouflage 1,
[berserk 2], blink, clumsy 1, [deformed body], [dopey 2], [low mp 3], mutation
resistance 2, sense surroundings 1, inhibited regeneration, [weak 2], [no potion
heal 2]
}: 3/15 runes: decaying, serpentine, abyssal
a: Blink, Berserk, Trog's Hand, Brothers in Arms, Renounce Religion, Evoke
Berserk Rage


You were on level 3 of the Abyss.
You worshipped Trog.
Trog was extremely pleased with you.
You were hungry.

You visited 8 branches of the dungeon, and saw 44 of its levels.
You visited the Abyss 4 times.

You collected 6663 gold pieces.
You spent 518 gold pieces at shops.

Inventory:

Hand Weapons
 a - the +4 great sword of Trog's Righteous Anger (weapon) {holy, rPois rF+ rN++ Stlth-}
   (Trog gifted it to you on level 3 of the Vaults)

   It has been blessed by the Shining One to cause great damage to the undead
   and demons.
   It protects you from fire.
   It protects you from poison.
   It greatly protects you from negative energy.
   It makes you less stealthy.
 b - a +6 great sword of draining
 n - a +9 great sword of slicing
 v - a +2 great sword of flaming
 D - a +7 scimitar of holy wrath
Armour
 d - a +2 pair of boots (worn)
 q - a +0 cloak of magic resistance (worn)
 t - the +2 ratskin cloak {+Rats rPois rN+ Str-1 Int-1 Dex+1}
   (You found it on level 7 of the Dungeon)

   It affects your strength (-1).
   It affects your intelligence (-1).
   It affects your dexterity (+1).
   It protects you from poison.
   It protects you from negative energy.
 O - +12 gold dragon scales (worn)
 T - a +0 pair of gloves of dexterity (worn)
 Z - the +0 shield of the Mind {rC++ Dex+3}
   (You took it off Donald on level 1 of the Elven Halls)

   It affects your dexterity (+3).
   It greatly protects you from cold.
Jewellery
 u - an uncursed ring of flight
 A - an uncursed ring of protection from cold
 E - the amulet "Diozol Asea" (around neck) {+Rage rElec rPois Dex+6}
   (You found it on level 2 of the Lair of Beasts)

   [amulet of rage]

   It affects your dexterity (+6).
   It insulates you from electricity.
   It protects you from poison.
   It lets you go berserk.
 G - an uncursed ring of protection from magic
 I - an uncursed ring of protection from fire
 J - a +5 ring of protection
 K - the ring of the Oligarchy (left hand) {rN+ Str+2 Int+3 SInv Stlth+}
   (You found it on level 13 of the Dungeon)

   [ring of see invisible]

   It affects your strength (+2).
   It affects your intelligence (+3).
   It protects you from negative energy.
   It lets you see invisible.
   It makes you more stealthy.
 L - the ring of Tender Moments (right hand) {rCorr Str+3}
   (You found it on level 6 of the Lair of Beasts)

   [ring of resist corrosion]

   It affects your strength (+3).
   It provides partial protection from all sources of acid and corrosion.
 U - an uncursed amulet of the gourmand
Wands
 l - a wand of enslavement (6)
 m - a wand of digging (7)
 p - a wand of disintegration (44)
 x - a wand of iceblast (10)
 B - a wand of clouds (8)
 C - a wand of polymorph (12)
 H - a wand of paralysis (32)
 N - a wand of scattershot (11)
 W - a wand of acid (11)
Scrolls
 e - 22 scrolls of remove curse
 h - a scroll of noise
 j - 3 scrolls of fog
 k - 17 scrolls of teleportation
 r - 5 scrolls of magic mapping
 w - 6 scrolls of immolation
 y - 21 scrolls of identify
 F - 9 scrolls of fear
 S - 5 scrolls of blinking
 V - 3 scrolls of silence
 Y - a scroll of enchant armour
Potions
 f - 7 potions of might
 g - a potion of haste
 i - 2 potions of cancellation
 o - 13 potions of curing
 s - a potion of invisibility
 z - 2 potions of agility
 M - 2 potions of brilliance
 P - 2 potions of resistance
Books
 R - a manual of Dodging
Comestibles
 c - 47 rations


   Skills:
 O Level 27 Fighting
 O Level 27 Long Blades
 + Level 25.8 Armour
 + Level 7.3 Dodging
 + Level 1.0 Shields


You had 22 spell levels left.
You didn't know any spells.
Your spell library was empty.

Dungeon Overview and Level Annotations

Branches:
Dungeon (15/15)            Temple (0/1) D:5            Lair (6/6) D:9
  Swamp (4/4) Lair:2        Snake (4/4) Lair:4        Slime (5/5) Lair:6
    Orc (2/2) D:9             Elf (3/3) Orc:2        Vaults (5/5) D:13
  Crypt (0/3) Vaults:2     Depths (0/5) D:15

Altars:
Elyvilon
Fedhas
Hepliaklqana
Kikubaaqudgha
Makhleb
Qazlal
Sif Muna
Trog
Wu Jian
Yredelemnul
Zin
The Shining One
Beogh
Jiyva

Shops:
D:5 ?   D:14 [!=%   Orc:2 ?([(   Elf:1 %   Snake:2 %}[[*

Portals:
Trove: Vaults:3 (give 8 potions of haste)

Annotations:
D:3 1 runed translucent door
Slime:2 exclusion: upstairs
Slime:5 Royal Jelly
Vaults:2 3 runed translucent doors, Eldin's ghost, veteran DEWz
Abyss:3 1 transporter


Innate Abilities, Weirdness & Mutations

You reflexively headbutt those who attack you in melee.
You have a pair of large horns on your head.
You have a somewhat thin skeletal structure. (Dex +2, Stealth)
Your skin changes colour to match your surroundings (Stealth+).
You can translocate small distances at will.
You are clumsy. (Dex -2)
You are somewhat resistant to both further mutation and mutation removal.
You passively map a small area around you.
You do not regenerate when monsters are visible.
[You often lose your temper in combat.]
[Armour fits poorly on your strangely shaped body.]
[You are very dopey. (Int -4)]
[Your magical capacity is extremely low. (-30% MP)]
[You are very weak. (Str -4)]
[Potions are poor at restoring your health.]


Message History

You feel resistant to hostile enchantments.
You are feeling hungry.
The worldbinder calls forth creatures from the Shoals!
The wretched star pulses with an eldritch light!
The tormentor says, "I will drown you in your own blood."
You don't have enough health at the moment.
Okay, then.
As you read the scroll of holy word, it crumbles to dust.
You speak a Word of immense power!
The tormentor convulses!
You kill the tormentor!
Trog accepts your kill.
The hellephant convulses!
The wretched star pulses with an eldritch light!
Your body twists and deforms.
You feel a little pissed off.
You feel angry.
The worldbinder hits you but does no damage.
The worldbinder barely misses you. The hellephant breathes flames at you.
The blast of flame hits the wretched star!
The wretched star resists.
The blast of flame hits you!! You resist.
You die...

+..© .'.....# ## ..
#. .. ..... q
####### ... # . #.
###'.+#####.###. .
...##..###..##.m.##
. .
...Y##.....##.....#
... #.....##..H..#
.
....#.*..qq)#.Hx*.#
... ..#+#.dY..*@.#
...## .# #.###...##
## # # ### #####


You could see a hellephant (dazed), a black draconian monk, a black draconian
knight (invisible), 2 wretched stars, a draconian, 2 manticores, a merfolk siren
and a worldbinder.

Vanquished Creatures
  Dissolution (Slime:4)
  Saint Roka (Orc:2)
  2 golden dragons
  2 tentacled monstrosities
  A lich (Vaults:5)
  4 titans (Vaults:5)
  Asterion (Elf:3)
  A deep elf blademaster (Elf:2)
  21 acid blobs
  4 shadow dragons
  Donald (Elf:1)
  Agnes (Elf:1)
  4 tentacled starspawn
  3 thorn hunters (Swamp:4)
  Kirke (Snake:4)
  6 sphinxes
  Roxanne (Elf:2)
  4 tengu reavers
  An azure jelly (shapeshifter) (Vaults:5)
  6 azure jellies
  3 storm dragons (Vaults:5)
  6 fire giants
  The ghost of xraymikek the Intangible, an adept SpEn of Gozag (Swamp:4)
  A balrug (Abyss:3)
  7 nagarajas
  A revenant (Elf:2)
  10 vault wardens
  8 deep elf sorcerers
  2 frost giants (Vaults:5)
  The ghost of Qeodghebb the Convoker, an adept TeSu of Okawaru (Snake:4)
  An orc warlord (Orc:2)
  Aizul (Snake:4)
  6 deep elf elementalists
  Louise (Snake:4)
  A reaper (Abyss:2)
  A draconian stormcaller (Abyss:3)
  7 stone giants
  A spriggan defender (Swamp:4)
  8 ironheart preservers
  A very ugly thing (Vaults:3)
  A draconian annihilator (Abyss:3)
  2 entropy weavers (Vaults:4)
  A stone giant (shapeshifter) (Elf:2)
  7 deep elf demonologists
  10 deep elf annihilators
  The ghost of Qucvyi Areg the Grappler, a journeyman DrTm of Yredelemnul (Lair:2)
  14 deep elf death magi
  3 ettins
  10 death oozes
  An eidolon (Abyss:2)
  12 yaktaur captains
  4 deep elf high priests
  4 fire dragons
  10 ogre magi
  12 great orbs of eyes
  3 shambling mangroves
  24 vault guards
  27 hydras
  4 ice dragons
  A ghost crab (Swamp:2)
  A rakshasa (Vaults:1)
  16 naga warriors
  The ghost of bullsaxe1 the Grappler, a novice TrMo of Okawaru (D:13)
  12 anacondas
  6 centaur warriors
  A catoblepas (Lair:4)
  2 death knights
  21 alligators
  27 dancing weapons
  24 two-headed ogres
  Erica (Orc:1)
  A spriggan berserker (Swamp:4)
  10 orc high priests
  7 naga sharpshooters
  6 shock serpents
  18 deep elf knights
  Sonja (Orc:1)
  4 skeletal warriors (D:14)
  3 wretched stars
  A shadow wraith (Vaults:3)
  7 sea snakes (Snake:4)
  2 flayed ghosts (Vaults:4)
  2 glowing orange brains
  4 unseen horrors
  A deep troll (Vaults:5)
  22 deep elf archers
  4 wizards
  13 ironbrand convokers
  11 swamp dragons
  3 spriggan druids
  64 deep elf magi
  2 phantasmal warriors (Vaults:5)
  15 orc knights
  3 harpies (Vaults:1)
  6 naga ritualists
  A necromancer (Abyss:2)
  9 orc sorcerers
  11 ugly things
  4 oklob plants (Lair:5)
  11 mana vipers
  A cyclops (shapeshifter) (Vaults:5)
  7 wolf spiders
  A fire giant zombie (Abyss:2)
  6 salamanders
  A manticore (shapeshifter) (Elf:3)
  7 shining eyes
  A draconian (Abyss:3)
  A manticore (Lair:5)
  An iron dragon skeleton (Abyss:2)
  5 cyclopes
  A moth of wrath (Swamp:4)
  2 worldbinders (Abyss:3)
  A stone giant skeleton (Abyss:2)
  6 elephants (Lair:4)
  2 centaur zombies
  13 vault sentinels
  3 eyes of devastation
  37 black mambas
  A torpor snail (Lair:4)
  6 guardian serpents
  Psyche (D:8)
  14 spiny frogs
  10 naga magi
  5 smoke demons
  An orange demon (Abyss:2)
  6 rime drakes
  14 komodo dragons
  A hellion (Abyss:3)
  4 freezing wraiths
  21 yaktaurs
  A tormentor (Abyss:3)
  A demonic crawler (Abyss:3)
  2 ancient zymes
  A queen bee (D:9)
  11 polar bears
  A merfolk (shapeshifter) (Vaults:3)
  A queen bee (shapeshifter) (Vaults:2)
  A hornet (shapeshifter) (D:15)
  6 tyrant leeches
  16 trolls
  17 hornets
  4 bog bodies
  3 raiju
  98 slime creatures
  25 blink frogs
  Grinder (D:5)
  26 hippogriffs
  A hippogriff (shapeshifter) (D:15)
  A dream sheep (Lair:6)
  2 flying skulls (Abyss:2)
  3 air elementals
  A black mamba zombie (Abyss:2)
  5 shadows
  A spriggan (shapeshifter) (Vaults:3)
  18 spriggans
  4 vampires
  2 tarantellas (Vaults:4)
  36 yaks
  A centaur simulacrum (D:14)
  A ynoxinul (Abyss:3)
  6 redbacks
  6 basilisks
  8 wraiths
  9 wyverns
  A neqoxec (Abyss:3)
  2 fire elementals (Elf:2)
  5 hungry ghosts
  10 large abominations
  5 hogs
  5 golden eyes (Abyss:2)
  A human (D:8)
  2 chaos spawn (Abyss:2)
  A golden eye (shapeshifter) (Vaults:4)
  17 vampire mosquitoes
  15 insubstantial wisps
  18 swamp worms
  10 wargs
  An acid dragon (D:12)
  33 nagas
  The ghost of systembuster the Digger, an amateur HaEE (D:3)
  A soldier ant (D:13)
  3 hell hounds (Abyss:3)
  17 water moccasins
  Duvessa (D:6)
  8 porcupines
  7 small abominations
  2 ice beasts
  70 orc warriors
  3 sky beasts
  11 swamp drakes
  A necrophage (D:8)
  15 starcursed masses (Abyss:3)
  11 black bears
  41 ogres
  2 phantoms
  5 eyes of draining
  7 boggarts
  43 wolves
  15 centaurs
  12 crocodiles
  6 big kobolds
  22 bullfrogs
  7 gnoll sergeants
  2 earth elementals
  Dowan (D:6)
  A wyvern zombie (D:12)
  A wyvern skeleton (D:14)
  4 scorpions
  35 killer bees
  9 wights
  5 electric eels
  A howler monkey (D:11)
  A bullfrog zombie (D:11)
  8 crimson imps
  2 quasits
  12 hounds
  5 jellies
  20 orc wizards
  Crazy Yiuf (D:2)
  38 orc priests
  4 centaur skeletons
  2 iron imps
  3 gnoll shamans
  9 iguanas
  8 worker ants
  2 hound zombies
  2 hound skeletons
  A howler monkey zombie (D:5)
  32 gnolls
  A worker ant zombie (D:7)
  17 adders
  3 river rats (D:7)
  5 shadow imps
  An ufetubus (Abyss:2)
  An adder zombie (D:9)
  3 adder skeletons
  2 worms
  13 leopard geckos
  165 orcs
  10 bats
  6 giant cockroaches
  9 goblins
  9 hobgoblins
  9 jackals
  16 kobolds
  3 quokkas
  4 ball pythons
  2 frilled lizards (D:2)
  2 goblin skeletons (D:5)
  A goblin zombie (D:5)
  A hobgoblin zombie (D:5)
  A jackal zombie (D:6)
  3 kobold skeletons (D:5)
  2 kobold zombies (D:5)
  2 orc skeletons (D:5)
  3 orc zombies (D:5)
  A quokka skeleton (D:8)
  23 rats
  2 briar patches (Swamp:4)
  A bush (Elf:2)
  4 crawling corpses
  9 plants
  A starspawn tentacle (Abyss:3)
2124 creatures vanquished.

Vanquished Creatures (collateral kills)
  A sphinx (Vaults:5)
  3 acid blobs
  2 azure jellies (Slime:5)
  2 nagarajas (Snake:4)
  4 ironheart preservers
  An entropy weaver (Vaults:4)
  A death ooze (Slime:5)
  An ogre mage (Vaults:1)
  9 vault guards
  5 dancing weapons (Elf:2)
  2 anacondas (Snake:4)
  A two-headed ogre (Vaults:1)
  A naga sharpshooter (Snake:4)
  2 sea snakes (Snake:4)
  An ironbrand convoker (Vaults:5)
  A phantasmal warrior (Vaults:4)
  An orc knight (Vaults:2)
  A deep elf mage (Elf:2)
  3 shining eyes (Slime:2)
  A moth of wrath (Swamp:4)
  A guardian serpent (Snake:4)
  A komodo dragon (Lair:2)
  3 hornets
  A polar bear (Lair:6)
  9 slime creatures
  A fire elemental (Elf:2)
  6 spriggans
  2 nagas (Snake:4)
  4 ogres (Vaults:1)
  An orc warrior (Vaults:5)
  3 black bears (Lair:6)
  2 boggarts (Lair:6)
  A bullfrog (Lair:2)
  3 hell rats (D:7)
  A river rat (D:7)
  An orc (Vaults:2)
83 creatures vanquished.

Vanquished Creatures (others)
  A wizard (D:15)
  A swamp worm (Swamp:2)
  An orc warrior (Vaults:4)
  3 briar patches (Swamp:4)
  17 fungi
  21 plants
  9 starspawn tentacles
53 creatures vanquished.

Grand Total: 2260 creatures vanquished

Notes
Turn   | Place    | Note
-------+----------+-------------------------------------------
     0 | D:1      | Eroks the Minotaur Berserker began the quest for the Orb.
     0 | D:1      | Reached XP level 1. HP: 19/19 MP: 0/0
   320 | D:1      | Reached XP level 2. HP: 23/27 MP: 1/1
  1033 | D:2      | Reached XP level 3. HP: 33/33 MP: 2/2
  1085 | D:2      | Reached ** piety under Trog
  1228 | D:2      | Found a runed translucent door.
  1229 | D:2      | Noticed Crazy Yiuf
  1313 | D:2      | You fall into a shaft and drop 1 floor!
  1349 | D:3      | Reached skill level 5 in Long Blades
  1349 | D:3      | Reached XP level 4. HP: 41/41 MP: 3/3
  1882 | D:2      | Killed Crazy Yiuf
  1882 | D:2      | Reached XP level 5. HP: 47/47 MP: 4/4
  2072 | D:3      | Reached skill level 5 in Fighting
  2435 | D:3      | Found a runed translucent door.
  2441 | D:3      | Noticed systembuster's ghost (amateur HaEE)
  2463 | D:3      | Found a runed translucent door.
  2518 | D:3      | Killed systembuster's ghost
  2518 | D:3      | Reached XP level 6. HP: 56/56 MP: 5/5
  2630 | D:4      | Reached *** piety under Trog
  2868 | D:4      | Reached XP level 7. HP: 62/62 MP: 6/6
  3202 | D:4      | Found a blossoming altar of Fedhas.
  3210 | D:4      | Got a slimy short sword
  3228 | D:4      | Reached skill level 5 in Armour
  3406 | D:5      | Entered Level 5 of the Dungeon
  3452 | D:5      | Noticed Grinder
  3469 | D:5      | Killed Grinder
  3469 | D:5      | Reached XP level 8. HP: 42/71 MP: 7/7
  3843 | D:5      | Noticed a hornet
  3886 | D:5      | Killed a hornet
  3958 | D:5      | Reached **** piety under Trog
  4010 | D:5      | Found a glowing golden altar of the Shining One.
  4346 | D:5      | Reached skill level 10 in Long Blades
  4446 | D:5      | Found Maixzot's Magic Scroll Boutique.
  4501 | D:5      | Found a staircase to the Ecumenical Temple.
  4596 | D:6      | Found a glowing silver altar of Zin.
  4618 | D:6      | Reached XP level 9. HP: 79/79 MP: 8/8
  4806 | D:6      | Noticed Dowan
  4806 | D:6      | Noticed Duvessa
  5108 | D:6      | Found a hazy altar of Hepliaklqana.
  5164 | D:6      | Killed Duvessa
  5169 | D:6      | Killed Dowan
  5461 | D:6      | Identified the +7 short sword of Rubbish {venom, rElec
                  | rPois} (You found it on level 4 of the Dungeon)
  5479 | D:7      | Reached ***** piety under Trog
  6038 | D:7      | Found the +2 ratskin cloak {+Rats rPois rN+ Str-1 Int-1
                  | Dex+1}
  6895 | D:8      | Noticed Psyche
  6904 | D:8      | Paralysed by Psyche for 6 turns
  6911 | D:8      | Killed Psyche
  6911 | D:8      | Reached XP level 10. HP: 90/90 MP: 7/9
  7355 | D:8      | Found a stormy altar of Qazlal.
  7706 | D:8      | Reached skill level 5 in Dodging
  8049 | D:9      | Received a gift from Trog
  8144 | D:9      | Found a white marble altar of Elyvilon.
  8222 | D:9      | Found a staircase to the Lair.
  8223 | D:9      | Found an ornate altar of the Wu Jian Council.
  8563 | D:9      | Reached skill level 10 in Armour
  9055 | D:9      | Reached XP level 11. HP: 99/99 MP: 3/10
  9236 | D:9      | Found a staircase to the Orcish Mines.
  9247 | D:9      | Reached skill level 10 in Fighting
  9748 | Lair:1   | Entered Level 1 of the Lair of Beasts
  9762 | Lair:1   | Noticed a four-headed hydra
  9853 | Orc:1    | Entered Level 1 of the Orcish Mines
 10256 | Orc:1    | Found a roughly hewn altar of Beogh.
 10258 | Orc:1    | Noticed an orc high priest
 10290 | Orc:1    | Killed an orc high priest
 10389 | Orc:1    | Noticed Erica
 10425 | Orc:1    | Killed Erica
 10425 | Orc:1    | Reached skill level 15 in Long Blades
 10561 | Orc:2    | Entered Level 2 of the Orcish Mines
 10691 | Orc:2    | Noticed Saint Roka
 10708 | Orc:2    | Killed Saint Roka
 10708 | Orc:2    | Reached XP level 12. HP: 47/110 MP: 3/11
 10712 | Orc:2    | Received a gift from Trog
 11062 | Orc:2    | Noticed a two-headed ogre
 11073 | Orc:2    | Killed a two-headed ogre
 11377 | Orc:2    | Noticed an orc high priest
 11385 | Orc:2    | Killed an orc high priest
 11515 | Orc:2    | Noticed an orc high priest
 11519 | Orc:2    | Killed an orc high priest
 11570 | Orc:2    | Found Gudatear's Antique Armour Shop.
 11580 | Orc:2    | Found Hotz's Antique Weapon Boutique.
 11747 | Orc:2    | Found a roughly hewn altar of Beogh.
 11996 | Orc:2    | Noticed a two-headed ogre
 12000 | Orc:2    | Killed a two-headed ogre
 12482 | Orc:2    | Found a staircase to the Elven Halls.
 12482 | Orc:2    | Reached ****** piety under Trog
 12833 | Orc:2    | Noticed an ettin
 12838 | Orc:2    | Killed an ettin
 13416 | Orc:2    | Noticed an orc high priest
 13428 | Orc:2    | Killed an orc high priest
 13518 | Orc:2    | Received a gift from Trog
 13522 | Orc:2    | Noticed an orc high priest
 13531 | Orc:2    | Killed an orc high priest
 13531 | Orc:2    | Reached XP level 13. HP: 101/119 MP: 4/12
 13629 | Orc:2    | Noticed an orc warlord
 13661 | Orc:2    | Killed an orc warlord
 14121 | Orc:2    | Found Istruej's Weapon Shoppe.
 14444 | Orc:2    | Found Ahohag's Magic Scroll Boutique.
 14452 | Orc:2    | Bought a scroll of identify for 24 gold pieces
 14452 | Orc:2    | Bought a scroll of enchant weapon for 90 gold pieces
 14452 | Orc:2    | Bought a scroll of identify for 24 gold pieces
 14452 | Orc:2    | Bought a scroll of identify for 24 gold pieces
 14452 | Orc:2    | Bought a scroll of noise for 12 gold pieces
 14699 | Orc:2    | Found a roughly hewn altar of Beogh.
 15066 | Orc:1    | Received a gift from Trog
 15217 | Orc:1    | Noticed Sonja
 15229 | Orc:1    | Killed Sonja
 15386 | Orc:1    | Found a roughly hewn altar of Beogh.
 17277 | Lair:2   | Found a transporter.
 17318 | Lair:2   | Noticed Qucvyi Areg's ghost (journeyman DrTm)
 17320 | Lair:2   | Found a transporter.
 17355 | Lair:2   | Received a gift from Trog
 18216 | Lair:2   | Reached XP level 14. HP: 107/130 MP: 4/13
 18457 | Lair:2   | Found a staircase to the Swamp.
 20125 | Lair:4   | Found a staircase to the Snake Pit.
 20127 | Lair:4   | Received a gift from Trog
 22338 | Lair:5   | Received a gift from Trog
 22339 | Lair:5   | Got a crystal double sword {god gift}
 22340 | Lair:5   | Identified the +3 double sword of Peril {flame, rElec
                  | Dex+4} (Trog gifted it to you on level 5 of the Lair of
                  | Beasts)
 22460 | Lair:5   | Reached skill level 15 in Fighting
 23023 | Lair:6   | Entered Level 6 of the Lair of Beasts
 23444 | Lair:6   | Received a gift from Trog
 23544 | Lair:6   | Reached XP level 15. HP: 131/143 MP: 4/14
 23549 | Lair:6   | Got a translucent lapis lazuli ring
 23558 | Lair:6   | Identified the ring of Tender Moments {rCorr Str+3} (You
                  | found it on level 6 of the Lair of Beasts)
 23734 | Lair:6   | Found a viscous altar of Jiyva.
 23744 | Lair:6   | Found a staircase to the Slime Pits.
 24722 | Lair:5   | Reached skill level 15 in Armour
 24962 | D:10     | Entered Level 10 of the Dungeon
 25179 | D:10     | Received a gift from Trog
 26482 | D:12     | Received a gift from Trog
 28291 | D:13     | Got a shimmering glass ring
 28293 | D:13     | Identified the ring of the Oligarchy {rN+ Str+2 Int+3 SInv
                  | Stlth+} (You found it on level 13 of the Dungeon)
 28700 | D:13     | Found a gate to the Vaults.
 28841 | D:13     | Found a runed translucent gate.
 28841 | D:13     | Found a runed translucent gate.
 28842 | D:13     | Found a runed translucent gate.
 28844 | D:13     | Noticed bullsaxe1's ghost (novice TrMo)
 28864 | D:13     | Received a gift from Trog
 28903 | D:13     | Killed bullsaxe1's ghost
 29275 | D:14     | Found Milaythosaso's Food Emporium.
 29646 | D:14     | Gained mutation: [Your magical capacity is low. (-10% MP)]
                  | [potion of mutation]
 29646 | D:14     | Gained mutation: You can translocate small distances at
                  | will. [potion of mutation]
 29646 | D:14     | Gained mutation: You have sharp fingernails. [potion of
                  | mutation]
 29917 | D:14     | Found Naiwk's Jewellery Shoppe.
 29923 | D:14     | Found Read's Distillery.
 29986 | D:14     | Received a gift from Trog
 29986 | D:14     | Reached skill level 1 in Shields
 30104 | D:14     | Found Zamuly's Antique Armour Emporium.
 30186 | D:15     | Entered Level 15 of the Dungeon
 30530 | D:15     | Received a gift from Trog
 30660 | D:15     | Found a bloodstained altar of Trog.
 31074 | D:15     | Reached XP level 16. HP: 147/155 MP: 13/13
 31201 | D:15     | Found a staircase to the Depths.
 31657 | Swamp:1  | Entered Level 1 of the Swamp
 31738 | Lair:2   | Killed Qucvyi Areg's ghost
 31755 | Lair:2   | Got a clouded jade amulet
 31771 | Lair:2   | Identified the amulet "Diozol Asea" {+Rage rElec rPois
                  | Dex+6} (You found it on level 2 of the Lair of Beasts)
 35852 | Swamp:4  | Entered Level 4 of the Swamp
 35861 | Swamp:4  | Noticed a thorn hunter
 35874 | Swamp:4  | Killed a thorn hunter
 35890 | Swamp:4  | Noticed a thorn hunter
 35902 | Swamp:4  | Killed a thorn hunter
 36298 | Swamp:4  | Noticed a thorn hunter
 36313 | Swamp:4  | Killed a thorn hunter
 36363 | Swamp:4  | Received a gift from Trog
 36533 | Swamp:3  | Reached XP level 17. HP: 156/168 MP: 14/14
 37266 | Swamp:4  | Found a transporter.
 37266 | Swamp:4  | Identified the +0 quick blade of the Common Good {pierce,
                  | Str-2 Int+9 Dex-3}
 37269 | Swamp:4  | Found a transporter.
 37292 | Swamp:4  | Received a gift from Trog
 37300 | Swamp:4  | Got a scorched triple sword {god gift}
 37301 | Swamp:4  | Identified the +0 triple sword of Corporal Punishment
                  | {flame, rC+} (Trog gifted it to you on level 4 of the
                  | Swamp)
 37375 | Swamp:4  | Identified the +4 morningstar "Difuyrch" {elec, rC+ SInv}
 37376 | Swamp:4  | Found a bloodstained altar of Trog.
 37376 | Swamp:4  | Noticed xraymikek's ghost (adept SpEn)
 37749 | Swamp:4  | Got a decaying rune of Zot
 37936 | Swamp:4  | Killed xraymikek's ghost
 38375 | Snake:1  | Entered Level 1 of the Snake Pit
 39680 | Snake:2  | Found Koahur's Mass Market.
 39841 | Snake:2  | Found a burning altar of Makhleb.
 40215 | Snake:2  | Found Owaffun's Food Shop.
 40217 | Snake:2  | Found Ryugiots's Antique Armour Shop.
 40221 | Snake:2  | Found Xageetobe's Gadget Shop.
 40221 | Snake:2  | Found Kuhuoc's Antique Armour Shop.
 41203 | Snake:3  | Found a shimmering blue altar of Sif Muna.
 42143 | Snake:3  | Reached XP level 18. HP: 154/179 MP: 15/15
 42666 | Snake:4  | Entered Level 4 of the Snake Pit
 42803 | Snake:4  | Noticed Kirke
 42879 | Snake:4  | Killed Kirke
 42958 | Snake:4  | Noticed Louise
 42965 | Snake:4  | Cast into level 3 of the Abyss (Louise)
 43016 | Snake:4  | Escaped the Abyss
 43026 | Snake:4  | Killed Louise
 43202 | Snake:4  | Received a gift from Trog
 43269 | Snake:4  | Noticed Aizul
 43293 | Snake:4  | Killed Aizul
 43505 | Snake:4  | Found a runed translucent door.
 43507 | Snake:4  | Noticed Qeodghebb's ghost (adept TeSu)
 43530 | Snake:4  | Killed Qeodghebb's ghost
 45209 | Snake:4  | Got a serpentine rune of Zot
 45595 | Elf:1    | Entered Level 1 of the Elven Halls
 45675 | Orc:2    | Bought an embroidered cloak for 172 gold pieces
 45675 | Orc:2    | Bought a pair of embroidered gloves for 172 gold pieces
 46186 | Elf:1    | Got a spiked chain mail
 46197 | Elf:1    | Identified the +1 chain mail of Jalupa Kiti {+Blink MR-
                  | Dex+5} (You found it on level 1 of the Elven Halls)
 46332 | Elf:1    | Identified the cursed +0 shield of the Mind {rC++ Dex+3}
 46332 | Elf:1    | Noticed Donald
 46342 | Elf:1    | Killed Donald
 46554 | Elf:1    | Received a gift from Trog
 46664 | Elf:1    | Noticed Agnes
 46856 | Elf:1    | Cast into level 2 of the Abyss (Agnes)
 47316 | Elf:1    | Escaped the Abyss
 47534 | Elf:1    | Killed Agnes
 47534 | Elf:1    | Reached XP level 19. HP: 154/190 MP: 5/16
 47731 | Elf:1    | Received a gift from Trog
 47755 | Elf:1    | Identified the Catalogue of Battle Magic and the Entourage
 47850 | Elf:1    | Found Riel's Food Emporium.
 48266 | Elf:2    | Identified Roxanne's Reference Book on Shape Shifting
 48266 | Elf:2    | Noticed Roxanne
 48304 | Elf:2    | Received a gift from Trog
 48898 | Elf:2    | Found a runed translucent gate.
 48898 | Elf:2    | Found a runed translucent gate.
 48898 | Elf:2    | Found a runed translucent gate.
 48928 | Elf:2    | Cast into level 3 of the Abyss (+2 trident of distortion)
 48928 | Abyss:3  | Found a corrupted altar of Lugonu.
 49395 | Abyss:3  | Received a gift from Trog
 49416 | Abyss:3  | Paralysed by accursed screaming for 1 turns
 49438 | Elf:2    | Escaped the Abyss
 50661 | Elf:2    | Killed Roxanne
 50829 | Elf:3    | Entered Level 3 of the Elven Halls
 50946 | Elf:3    | Found an ancient bone altar of Kikubaaqudgha.
 51163 | Elf:3    | Received a gift from Trog
 51285 | Elf:3    | Noticed Asterion
 51314 | Elf:3    | Killed Asterion
 52103 | Elf:3    | Reached XP level 20. HP: 139/202 MP: 17/17
 52432 | Elf:3    | Identified the amulet "Eserhu" {RegenMP -Tele +Inv MR+
                  | Int+2}
 52505 | Elf:3    | Identified the amulet "Mitsynurgh" {+Rage rPois Int+3
                  | Dex+3}
 52970 | Elf:3    | Identified Ufytuebo's Guide on the Bewitching Blaze
 53190 | Elf:3    | Received a gift from Trog
 53515 | Elf:3    | Identified the Papyrus of Enchantment
 54142 | Slime:1  | Entered Level 1 of the Pits of Slime
 54976 | Slime:3  | Gained mutation: [Your magical capacity is very low. (-20%
                  | MP)] [a shining eye]
 54977 | Slime:3  | Gained mutation: Your body sometimes deteriorates upon
                  | taking damage. [a shining eye]
 55231 | Slime:5  | Entered Level 5 of the Pits of Slime
 55678 | Slime:4  | Noticed Dissolution
 55680 | Slime:4  | Gained mutation: You are clumsy. (Dex -2) [a shining eye]
 55680 | Slime:4  | Gained mutation: [You are weak. (Str -2)] [a shining eye]
 55685 | Slime:4  | Killed Dissolution
 56071 | Slime:5  | Received a gift from Trog
 57485 | Slime:5  | Noticed the Royal Jelly
 57946 | Slime:5  | Reached XP level 21. HP: 214/214 MP: 10/15
 57989 | Slime:3  | HP: 9/214 [acid (4)]
 57990 | Slime:3  | HP: 3/214 [slime creature (9)]
 57991 | Slime:2  | Found a viscous altar of Jiyva.
 57995 | Slime:2  | HP: 10/214 [acid (4)]
 58001 | Slime:2  | Gained mutation: Scrolls take you a little longer to read.
                  | [a shining eye]
 58004 | Slime:2  | Gained mutation: Scrolls take you longer to read. [a
                  | shining eye]
 58581 | Slime:5  | Found a viscous altar of Jiyva.
 59487 | Slime:3  | Gained mutation: You are very clumsy. (Dex -4) [a shining
                  | eye]
 59490 | Slime:3  | Gained mutation: You do not regenerate when monsters are
                  | visible. [a shining eye]
 60281 | Slime:1  | Gained mutation: Your flesh is cold resistant. (rC+) [a
                  | shining eye]
 60283 | Slime:1  | Gained mutation: Your body often deteriorates upon taking
                  | damage. [a shining eye]
 61417 | Vaults:1 | Entered Level 1 of the Vaults
 61483 | Vaults:1 | Lost mutation: Your flesh is cold resistant. (rC+) [potion
                  | of mutation]
 61483 | Vaults:1 | Lost mutation: Scrolls take you longer to read. [potion of
                  | mutation]
 61483 | Vaults:1 | Lost mutation: [You are weak. (Str -2)] [potion of
                  | mutation]
 61483 | Vaults:1 | Gained mutation: [Armour fits poorly on your strangely
                  | shaped body.] [potion of mutation]
 61483 | Vaults:1 | Gained mutation: You have sharp toenails. [potion of
                  | mutation]
 61484 | Vaults:1 | Lost mutation: [Armour fits poorly on your strangely shaped
                  | body.] [potion of mutation]
 61484 | Vaults:1 | Lost mutation: Your body often deteriorates upon taking
                  | damage. [potion of mutation]
 61484 | Vaults:1 | Lost mutation: You have sharp fingernails. [potion of
                  | mutation]
 61484 | Vaults:1 | Gained mutation: You expend magic power (3 MP) to
                  | strengthen your wands. [potion of mutation]
 61484 | Vaults:1 | Gained mutation: [Your magical capacity is extremely low.
                  | (-30% MP)] [potion of mutation]
 61484 | Vaults:1 | Gained mutation: You are somewhat resistant to further
                  | mutation. [potion of mutation]
 61485 | Vaults:1 | Lost mutation: [Your magical capacity is extremely low.
                  | (-30% MP)] [potion of mutation]
 61485 | Vaults:1 | Lost mutation: You expend magic power (3 MP) to strengthen
                  | your wands. [potion of mutation]
 61485 | Vaults:1 | Gained mutation: You are somewhat resistant to both further
                  | mutation and mutation removal. [potion of mutation]
 61487 | Vaults:1 | Lost mutation: Scrolls take you a little longer to read.
                  | [potion of mutation]
 61487 | Vaults:1 | Gained mutation: You have a pair of large horns on your
                  | head. [potion of mutation]
 62520 | Vaults:1 | Got a twitching amber ring
 62663 | Vaults:1 | You fall into a shaft and drop 1 floor!
 63024 | Vaults:2 | Found a roughly hewn altar of Beogh.
 63251 | Vaults:2 | Identified the ring "Juriemij" {Wiz +Blink Dex+4 Slay-5}
                  | (You found it on level 1 of the Vaults)
 63619 | Vaults:2 | Received a gift from Trog
 64217 | Vaults:2 | Found a runed translucent gate.
 64217 | Vaults:2 | Found a runed translucent gate.
 64217 | Vaults:2 | Found a runed translucent gate.
 64217 | Vaults:2 | Noticed Eldin's ghost (veteran DEWz)
 64342 | Vaults:2 | Found a staircase to the Crypt.
 64342 | Vaults:2 | Found a basalt altar of Yredelemnul.
 64343 | Vaults:2 | Found an ancient bone altar of Kikubaaqudgha.
 65450 | Vaults:1 | Reached skill level 27 in Long Blades
 65680 | Vaults:1 | Reached XP level 22. HP: 223/225 MP: 16/16
 66105 | Vaults:3 | Received a gift from Trog
 66285 | Vaults:3 | Found a portal to a secret trove of treasure.
 67235 | Vaults:3 | Received a gift from Trog
 67238 | Vaults:3 | Got an encrusted great sword {god gift}
 67239 | Vaults:3 | Identified the +4 great sword of Trog's Righteous Anger
                  | {holy, rPois rF+ rN++ Stlth-} (Trog gifted it to you on
                  | level 3 of the Vaults)
 68878 | Vaults:4 | Received a gift from Trog
 68907 | Vaults:4 | Got a scorched great sword {god gift}
 68908 | Vaults:4 | Identified the +2 great sword "Nusheg" {freeze, +Blink
                  | Str+4 Stlth+} (Trog gifted it to you on level 4 of the
                  | Vaults)
 70160 | Vaults:5 | Entered Level 5 of the Vaults
 70183 | Vaults:5 | Noticed a golden dragon
 70184 | Vaults:5 | Reached skill level 27 in Fighting
 70516 | Vaults:4 | Lost mutation: You are very clumsy. (Dex -4) [potion of
                  | mutation]
 70516 | Vaults:4 | Lost mutation: Your body sometimes deteriorates upon taking
                  | damage. [potion of mutation]
 70516 | Vaults:4 | Lost mutation: [Your magical capacity is very low. (-20%
                  | MP)] [potion of mutation]
 70517 | Vaults:4 | Lost mutation: [Your magical capacity is low. (-10% MP)]
                  | [potion of mutation]
 70517 | Vaults:4 | Gained mutation: You passively map a small area around you.
                  | [potion of mutation]
 70518 | Vaults:4 | Gained mutation: You have a somewhat thin skeletal
                  | structure. (Dex +2, Stealth) [potion of mutation]
 70519 | Vaults:4 | Lost mutation: You have sharp toenails. [potion of
                  | mutation]
 70519 | Vaults:4 | Gained mutation: Your skin changes colour to match your
                  | surroundings (Stealth+). [potion of mutation]
 70526 | Vaults:5 | Noticed a golden dragon
 70561 | Vaults:4 | Received a gift from Trog
 70565 | Vaults:4 | Killed a golden dragon
 70565 | Vaults:4 | Reached XP level 23. HP: 239/239 MP: 22/22
 72275 | Vaults:5 | Found the +8 storm bow {elec, penet}
 72546 | Vaults:5 | Identified Sif Muna's Almanac of Enthralling Changing
 73008 | Vaults:5 | Identified the cursed +0 ring mail of the Komtur {Int+2
                  | SInv}
 73188 | Vaults:5 | Cast into level 3 of the Abyss (a deep elf sorcerer)
 73246 | Abyss:3  | Found a corrupted altar of Lugonu.
 73251 | Abyss:3  | Found a transporter.
 73283 | Abyss:3  | Got an abyssal rune of Zot
 73311 | Abyss:3  | HP: 3/240 [wretched star/orb of energy (30)]
 73316 | Abyss:3  | Killed from afar by a hellephant

Levels and vault maps discovered:
D:1:      roderic_chinese_lattice_arrival, layout_loops_cross
D:2:      layout_rooms, uniq_crazy_yiuf_cottage
D:3:      layout_basic, ebering_ghost_sewer_f, first_ration
D:4:      layout_basic, old_standard_altar
D:5:      layout_rooms, minmay_temple_entry_statues_fountains, serial_shops,
          kennysheep_mini, serial_park_tiny_pond, nicolae_tso_besieged_by_evil,
          uniq_grinder
D:6:      layout_rooms, minitemple, uniq_duvessa
D:7:      wander_guarded_unrand_ratskin, layout_gridville
D:8:      layout_basic, nicolae_overflow_hidden_temple, grunt_livestock,
          uniq_psyche
D:9:      layout_roguey [special_room_bee], elyvilon_altar_4, lair_entry_dummy,
          kennysheep_orc_monster_closet_entryway, basic_altar
D:10:     layout_big_octagon, serial_gnoll_camp, gnoll_camp_mini_sergeant,
          gnoll_camp_mini_loothouse, gnoll_camp_medium_02,
          gnoll_camp_mini_doghouse
D:11:     layout_long_grid, abandoned_shop
D:12:     layout_stronghold
D:13:     layout_small_grid, hangedman_vaults_entry_quadrant_bands,
          gammafunk_ghost_spectres
D:14:     layout_irregular_city, amethyst_killhole, serial_shops, shop, shop,
          shop, shop
D:15:     grunt_enter_depths_hoard, layout_gridville, moated_statue, trog_wizard
Lair:1:   beast_lair_carwin_large_4, layout_chaotic_city,
          portal_ice_cave_entry_pillars_2, cheibrodos_lair_caveside_slide
Lair:2:   layout_layer_cave, minmay_swamp_entry_eels, gammafunk_ghost_arena,
          beast_lair_carwin_10, lemuel_fruit_tree
Lair:3:   layout_hall_layers, beast_lair_carwin_7
Lair:4:   layout_loops_ring, minmay_snake_entry_six_corridors, st_stairs_11
Lair:5:   layout_cave_shapes, special_room [special_room_mythical_zoo],
          cheibrodos_lair_reptile_den, serial_bayou_shore_a,
          infiniplex_staircase_pool, minmay_lair_oklob_chamber
Lair:6:   minmay_lair_end_enchanted_forest, layout_regular_city, slime_altar_1,
          wad_woods_river_01
Swamp:1:  layout_basic_swamp, evilmike_swamp_ruin_house_4
Swamp:2:  cheibrodos_swamp_heart_of_darkness, layout_basic_swamp,
          infiniplex_staircase_pool_2
Swamp:3:  layout_basic_swamp, hangedman_swamp_pad
Swamp:4:  swamp, layout_basic_swamp, gammafunk_ghost_wrathful_warriors
Snake:1:  kennysheep_six_static_rooms, layout_misc_corridors,
          nicolae_coiled_stairwell_down
Snake:2:  nrook_guardian_serpent_snake_passage, layout_layer_cave, basic_altar,
          nrook_loot_triangle, minmay_shop_mass, minmay_shop_grid_forest
Snake:3:  layout_layer_cave, basic_altar
Snake:4:  grunt_snake_rune_pools, layout_cave_town,
          ebering_ghost_reflecting_pool, uniq_aizul, uniq_louise, uniq_kirke
Slime:1:  layout_caves
Slime:2:  layout_caves, basic_altar
Slime:3:  layout_caves, cheibrodos_slime_lost_civilization_4
Slime:4:  layout_caves, cheibrodos_slime_lost_civilization_7, uniq_dissolution
Slime:5
Orc:1:    layout_caves, basic_altar, kennysheep_orc_chapel, uniq_erica,
          uniq_sonja
Orc:2:    pubby_orc_utopia, uniq_saint_roka
Elf:1:    layout_loops_corners, serial_shops, shop, minmay_elf_sorcery,
          uniq_donald, uniq_agnes
Elf:2:    layout_geoelf_grid, corexii_leaking_fountain, uniq_roxanne
Elf:3:    minmay_elf_hall_spiked, layout_loops_cross, basic_altar, uniq_asterion
Vaults:1: v_misc_8, v_misc_24, v_misc_12, vaults_room_hangedman_quadrants,
          vaults_room_grunt_arrival_checkpoint, nicolae_vaults_shelves_hall,
          layout_vaults_omnigrid
Vaults:2: gammafunk_vaults_ghost_split, nicolae_vaults_alarming, v_rooms_4,
          hangedman_vaults_corner_blocks, grunt_vaults_swirl,
          vaults_mumra_minichess_inversion, minmay_crypt_entry_necro_gods,
          vaults_dpeg_cross, special_room_vaults [special_room_orc],
          ontoclasm_vaults_pinch, v_misc_15, v_misc_27, vaults_dpeg_ring,
          layout_vaults_chaotic_city
Vaults:3: v_rooms_5, ontoclasm_vaults_claustrophobia, st_star, v_misc_23,
          nicolae_vaults_theta, v_misc_24, hangedman_vaults_trim, v_misc_13,
          ontoclasm_vaults_gateway, vaults_mumra_hexcomb,
          nicolae_vaults_three_branches, nicolae_vaults_border_crossing,
          vaults_room_stairs_pillars, nicolae_vaults_mini_display_case,
          layout_vaults_omnicross, nicolae_trove_entry_diagonal
Vaults:4: ontoclasm_vaults_ring_large, hangedman_vaults_restitches,
          hangedman_vaults_stitches, ontoclasm_vaults_eye,
          hangedman_vaults_variations, vaults_dpeg_spiral,
          nicolae_vaults_diagonal_hallway_8, ontoclasm_vaults_tryst, v_rooms_5,
          v_alt_pattern_3, ontoclasm_vaults_chip, vaults_room_pools,
          layout_vaults_maze_snakey
Vaults:5
Abyss:3:  hangedman_abyss_or_decor_stabs, grunt_abyss_rune_forest_and_sorcery,
          evilmike_abyss_exit_mutagenic, hangedman_abyss_rune_macabre_mess,
          hangedman_decor_peaks_small, hangedman_decor_lopped,
          lemuel_flamethrower_3, evilmike_abyss_exit_1,
          evilmike_abyss_rune_siren_acolytes, hangedman_illusive_loot,
          nicolae_abyss_rune_star_stuff, minivault_25_ag,
          hangedman_stitches_earthworm, bh_abyss_exit_grid, minivault_20,
          minivault_22, nicolae_abyss_rune_left_handed,
          gammafunk_abyss_rune_reverse_zot, serial_sigils_hangedman_shear,
          minivault_28

Skill      XL: |  1  2  3  4  5  6  7  8  9 10 11 12 13 14 15 16 17 18 19 20 21 22 23 |
---------------+----------------------------------------------------------------------+-----
Long Blades    | 4 5 6 7 8 10 11 14 16 17 19 20 21 22 23 24 25 26 27 | 27.0
Fighting       | 4 5 6 7 8 9 11 12 13 15 17 19 20 21 22 24 25 27 | 27.0
Armour         | 3 4 5 7 9 10 11 12 13 14 15 17 18 19 20 21 22 23 25 | 25.8
Dodging        | 3 4 5 6 7 |  7.3
Shields        | 1 |  1.0

Action                   |  1- 3 |  4- 6 |  7- 9 | 10-12 | 13-15 | 16-18 | 19-21 | 22-24 || total
-------------------------+-------+-------+-------+-------+-------+-------+-------+-------++-------
Melee: Falchion          |    68 |   156 |   335 |       |       |       |       |       ||   559
       Headbutt          |     8 |    32 |    88 |   153 |   330 |   435 |   527 |   267 ||  1840
       Long sword        |       |       |    31 |    99 |       |       |       |       ||   130
       Great sword       |       |       |       |   536 |  1250 |  1136 |  1350 |   656 ||  4928
       Scimitar          |       |       |       |       |    10 |       |       |       ||    10
       Double sword      |       |       |       |       |    45 |    94 |       |       ||   139
       Triple sword      |       |       |       |       |       |     2 |       |       ||     2
       Unarmed           |       |       |       |       |       |     2 |       |       ||     2
Invok: Berserk           |     1 |     2 |     5 |     3 |     3 |     2 |     2 |     1 ||    19
       Trog's Hand       |       |     1 |     1 |     2 |     2 |     3 |     4 |     6 ||    19
       Brothers in Arms  |       |       |     1 |       |     3 |     8 |    19 |     6 ||    37
 Abil: Evoke Ratskin     |       |       |       |       |       |     6 |       |       ||     6
       Blink             |       |       |       |       |       |     2 |     3 |     5 ||    10
Evoke: Wand              |       |       |       |       |     4 |       |     1 |       ||     5
  Use: Scroll            |     3 |     5 |     4 |     5 |    22 |    13 |    13 |     8 ||    73
       Potion            |       |     2 |       |     1 |     7 |     2 |    13 |    10 ||    35
 Stab: Invisible         |       |       |       |     1 |       |       |       |       ||     1
       Sleeping          |       |       |       |       |    15 |       |       |       ||    15
       Distracted        |       |       |       |       |       |     1 |       |     1 ||     2
       Confused          |       |       |       |       |       |     1 |       |       ||     1
  Eat: Chunk             |     1 |     8 |    18 |    24 |    45 |     7 |    17 |    23 ||   143
       Ration            |       |       |       |     3 |     5 |    16 |    15 |     2 ||    41
Armor: Scale mail        |     3 |       |       |       |       |       |       |       ||     3
       Chain mail        |    30 |    84 |   171 |    28 |       |       |       |       ||   313
       Plate armour      |       |       |       |   288 |   281 |       |       |       ||   569
       Shadow dragon sca |       |       |       |       |   525 |       |       |       ||   525
       Gold dragon scale |       |       |       |       |    34 |   926 |  1017 |   518 ||  2495
Dodge: Dodged            |    41 |    61 |   138 |   325 |   718 |   599 |   560 |   358 ||  2800
Block: Large shield      |       |       |       |       |    17 |    23 |       |       ||    40
       Rpst.: Falchion   |     9 |    19 |    32 |       |       |       |       |       ||    60
       Long sword        |       |       |     5 |     8 |       |       |       |       ||    13
       Great sword       |       |       |       |    79 |   140 |    91 |   123 |    60 ||   493
       Scimitar          |       |       |       |       |     2 |       |       |       ||     2
       Double sword      |       |       |       |       |    14 |     9 |       |       ||    23
